 Seeded DCSS version 0.32-a0-961-gd60f5e5fc7 (webtiles) character file.

Game seed: 2024041706 (custom seed)

187 Orlauf the Poker (level 5, -2/41 HPs)
             Began as a Demonspawn Gladiator on Apr 17, 2024.
             Slain by a black bear (3 damage)
             ... on level 4 of the Dungeon.
             The game lasted 00:05:11 (2924 turns).

Orlauf the Poker (Demonspawn Gladiator)             Turns: 2924, Time: 00:05:11

Health: -2/41      AC: 13    Str: 16    XL:     5   Next: 39%
Magic:  5/5        EV:  6    Int:  9    God:
Gold:   258        SH:  5    Dex: 14    Spells: 4/4 levels left

rFire   + . .        a - +0 trident
rCold   + . .        m - +1 buckler
rNeg    . . .        p - +0 chain mail
rPois   .            (helmet restricted)
rElec   .            q - +2 cloak
rCorr   .            (no gloves)
SInv    .            (no boots)
Will    .....        (no amulet) Stlth
                     h - ring of protection from cold
HPRegen 0.26/turn    n - ring of protection from fire
MPRegen 0.18/turn

%: no passive effects
@: no status effects
A: antennae 1, thin metallic scales 1, magic regeneration
a: no special abilities


You were on level 4 of the Dungeon.
You visited 1 branch of the dungeon, and saw 4 of its levels.

You collected 258 gold pieces.

Inventory:

Hand Weapons
 a - a +0 trident (weapon)
Missiles
 d - 3 throwing nets (quivered)
 e - a javelin
 i - 12 poisoned darts
Armour
 m - a +1 buckler (worn)
 p - a +0 chain mail (worn)
 q - a +2 cloak (worn)
Jewellery
 h - a ring of protection from cold (left hand)
 j - a ring of magical power
 n - a ring of protection from fire (right hand)
Scrolls
 c - a scroll of poison
 f - a scroll of identify
 l - a scroll of immolation
Potions
 g - a potion of brilliance
 o - a potion of berserk rage


   Skills:
 + Level 3.3 Fighting
 * Level 4.6 Polearms
 - Level 1.7 Throwing
 - Level 2.6 Dodging
 + Level 1.5 Shields


You had 4 spell levels left.
You didn't know any spells.
Your spell library contained the following spells:

 Spells                   Type           Power      Damage    Failure   Level
 Foxfire                  Conj/Fire      0%         2x1d4     100%        1
 Plasma Beam              Fire/Air       0%         2x1d10    100%        6
 Starburst                Conj/Fire      0%         6d3       100%        6


Dungeon Overview and Level Annotations

Branches:
Dungeon (4/15)
 Temple: D:4-7

Altars:
Nemelex Xobeh
Xom
Yredelemnul

Shops:
D:2 (


Innate Abilities, Weirdness & Mutations

You have a pair of small antennae on your head.
You are partially covered in thin metallic scales. (AC +2)
You regenerate magic rapidly.


Message History

The black bear is severely wounded.
You block the black bear's attack.
The black bear claws you but does no damage.
The black bear barely misses you.
You barely miss the black bear.
The black bear is severely wounded.
The black bear bites you. The black bear barely misses you.
The black bear claws you.
The black bear bites you but does no damage.
The black bear claws you but does no damage.
You block the black bear's attack.
You are too injured to fight recklessly!
You are too injured to fight recklessly!
You are too injured to fight recklessly!
You are too injured to fight recklessly!
You are too injured to fight recklessly!
You are too injured to fight recklessly!
You are too injured to fight recklessly!
You are too injured to fight recklessly!
You are too injured to fight recklessly!
You are too injured to fight recklessly!
You are too injured to fight recklessly!
You completely miss the black bear.
The black bear is severely wounded.
The black bear goes berserk!
You closely miss the black bear.
The black bear is severely wounded.
The black bear bites you!
* * * LOW HITPOINT WARNING * * *
The black bear claws you but does no damage.
The black bear claws you.
* * * LOW HITPOINT WARNING * * *
You hit the black bear.
The black bear is almost dead.
The black bear bites you but does no damage.
The black bear claws you but does no damage. x2
The black bear bites you.
* * * LOW HITPOINT WARNING * * *
The black bear claws you.
You die...

#. #.##. ##.#.. ###
...... . ##.. ..... ..##
#.. ##.#. .....###.#
#... .........## ##..
.......@..### #..
......h##...##########..
....... ###.............
....... ##########...<
......# ##... ##...#
#... #### #... ####


You could see a black bear (berserk).

Vanquished Creatures
  A bombardier beetle (D:4)
  An orc priest (D:3)
  An orc wizard (D:2)
  An adder (D:2)
  5 ribbon worms
  2 dart slugs
  5 orcs (D:3)
  11 ball pythons
  8 endoplasms
  3 giant cockroaches
  7 goblins
  6 hobgoblins
  4 quokkas
  3 bats (D:1)
  A frilled lizard (D:3)
  4 kobolds
  6 rats
  A butterfly (D:3)
70 creatures vanquished.

Notes
Turn   | Place    | Note
-------+----------+-------------------------------------------
     0 | D:1      | Orlauf the Demonspawn Gladiator began the quest for the
                  | Orb.
     0 | D:1      | Reached XP level 1. HP: 16/16 MP: 1/1
   168 | D:1      | Reached skill level 3 in Polearms
   211 | D:1      | Gained mutation: You are partially covered in thin metallic
                  | scales. (AC +2) [demonic ancestry]
   211 | D:1      | Reached XP level 2. HP: 21/22 MP: 2/2
   407 | D:1      | Found a faded altar of an unknown god.
  1086 | D:2      | Reached XP level 3. HP: 28/28 MP: 3/3
  1301 | D:2      | Found Goejau's Weapon Shop.
  1852 | D:2      | Reached skill level 4 in Polearms
  1852 | D:2      | Gained mutation: You have a pair of small antennae on your
                  | head. [demonic ancestry]
  1852 | D:2      | Reached XP level 4. HP: 15/30 MP: 4/4
  2030 | D:3      | Reached skill level 1 in Shields
  2165 | D:3      | Found a shimmering altar of Xom.
  2224 | D:3      | Found a basalt altar of Yredelemnul.
  2322 | D:3      | Gained mutation: You regenerate magic rapidly. [demonic
                  | ancestry]
  2322 | D:3      | Reached XP level 5. HP: 41/41 MP: 5/5
  2330 | D:3      | Found a sparkling altar of Nemelex Xobeh.
  2793 | D:4      | Identified the +1 robe of Sugoyt {rElec Str+4 Dex-3}
  2904 | D:4      | Noticed a black bear
  2924 | D:4      | HP: 1/41 [black bear (3)]
  2924 | D:4      | Slain by a black bear

Illustrated notes

Levels and vault maps discovered:
D:1:      psy_arrival_conway, layout_basic, hellmonk_ecumenical_altar_blasted,
          corner_web_ring
D:2:      layout_basic, serial_shops, nicolae_shop_bloodbath_and_beyond
D:3:      layout_loops_ring, xom_butterflies, amcnicky_altar_gilded,
          nemelex_xobeh_ov_fountains_minmay, hangedman_decor_growths
D:4:      layout_rooms, minmay_temple_entry_statues

Skill      XL: |  1  2  3  4 |
---------------+-------------+-----
Polearms       | 3 4 |  4.6
Fighting       | 3 |  3.3
Shields        | 1 |  1.5
Throwing       | |  1.7
Dodging        | |  2.6

Action                     |  1- 3 |  4- 6 || total
---------------------------+-------+-------++-------
  Melee: Trident           |   168 |   110 ||   278
    Use: Scroll            |     4 |     4 ||     8
         Potion            |     1 |       ||     1
   Stab: Sleeping          |     4 |       ||     4
 Armour: Leather armour    |    95 |     7 ||   102
         Chain mail        |       |    85 ||    85
  Dodge: Dodged            |    81 |    31 ||   112
  Block: Buckler           |     7 |    18 ||    25

Table legend: (Time is in decaauts)
 A = Elapsed time spent in this place.
 B = Non-inter-level travel time spent in this place.
 C = Inter-level travel time spent in this place.
 D = Time resting spent in this place.
 E = Time spent auto-exploring this place.
 F = Levels seen in this place.
 G = Mean time per level.
                   A        B        C        D        E       F      G
               +--------+--------+--------+--------+--------+-----+--------+
         Total |   2964 |   2820 |    144 |    311 |   1891 |   4 |  741.0 |
       Dungeon |   2964 |   2820 |    144 |    311 |   1891 |   4 |  741.0 |
               +--------+--------+--------+--------+--------+-----+--------+

Top non-repeatable levels by time:
     D:2: 1002 daAuts
     D:1: 935 daAuts
     D:3: 827 daAuts
     D:4: 197 daAuts
